Map: Nightscape CE

Players

JohnDoe

  • Race: Protoss Protoss
  • Spawn Location: 7:00

Slasher

  • Race: Zerg Zerg
  • Spawn Location: 7:00

Ekelpack

  • Race: Zerg Zerg
  • Spawn Location: 1:00

Nyck

  • Race: Terran Terran
  • League: Silver
  • Spawn Location: 1:00

VOD

Have the link to the VOD?

Description

Time

  • Played on: Oct. 23, 2024, 2:38 p.m.
  • Length: 15:27
Show
View Real Time Build Order
Export as new Build Order

JohnDoe Protoss 

Build Orders: 1 Gate Expand 

Get SALT Encoding   

  12  0:01  Probe  
  13  0:13  Probe  
  14  0:19  Pylon  
  14  0:25  Probe  
  15  0:37  Probe (Chrono Boost)  
  15  0:39  Gateway  
  16  0:46  Assimilator  
  16  0:49  Probe (Chrono Boost)  
  17  0:55  Probe (Chrono Boost)  
  18  1:04  Probe  
  19  1:23  Nexus  
  19  1:36  Probe  
  19  1:37  Pylon  
  20  1:50  Cybernetics Core  
  20  1:53  Gateway  
  20  1:58  Assimilator  
  20  2:03  Pylon  
  20  2:06  Probe  
  21  2:18  Probe  
  21  2:21  Forge  
  22  2:24  Adept (Chrono Boost)  
  24  2:30  Probe  
  24  2:31  Warp Gate  
  25  2:40  Probe  
  26  2:49  Adept  
  28  2:53  Probe  
  28  2:54  Probe  
  30  3:03  Stargate  
  30  3:05  Probe  
  31  3:07  Protoss Ground Weapons Level 1  
  31  3:10  Probe  
  32  3:20  Photon Cannon  
  32  3:23  Probe x2  
  34  3:29  Stalker  
  36  3:37  Probe  
  36  3:38  Probe  
  38  3:48  Shield Battery  
  38  3:52  Photon Cannon  
  38  3:55  Assimilator, Probe  
  39  3:56  Probe  
  39  3:59  Pylon  
  40  4:05  Phoenix (Chrono Boost)  
  42  4:11  Stalker  
  42  4:14  Probe  
  45  4:21  Stalker  
  47  4:26  Protoss Air Weapons Level 1 (Chrono Boost)  
  47  4:42  Phoenix  
  47  4:44  Probe x2  
  51  4:59  Pylon  
  51  5:01  Stalker  
  51  5:02  Stalker, Nexus  
  51  5:07  Probe, Pylon, Phoenix  
  57  5:08  Probe  
  57  5:10  Assimilator  
  59  5:17  Pylon  
  59  5:20  Assimilator  
  59  5:23  Photon Cannon  
  59  5:26  Photon Cannon  
  59  5:28  Shield Battery  
  59  5:37  Stalker x2, Robotics Facility  
  67  5:51  Probe x2  
  67  5:53  Void Ray  
  69  6:11  Protoss Shields Level 1  
  69  6:12  Pylon  
  69  6:16  Pylon  
  69  6:23  Probe x3  
  69  6:25  Protoss Air Armor Level 1 (Chrono Boost)  
  72  6:32  Stargate  
  72  6:41  Stalker x2  
  72  6:45  Assimilator  
  76  7:00  Photon Cannon  
  76  7:02  Photon Cannon  
  76  7:10  Fleet Beacon  
  76  7:15  Cybernetics Core  
  76  7:17  Stargate  
  76  7:43  Phoenix  
  76  7:44  Phoenix  
  80  7:48  Probe x2  
  80  7:49  Probe  
  83  8:00  Probe  
  83  8:01  Probe x2  
  86  8:06  Protoss Air Weapons Level 2 (Chrono Boost)  
  86  8:08  Twilight Council  
  86  8:09  Robotics Bay  
  86  8:13  Stalker, Probe x3  
  91  8:25  Probe x3  
  91  8:26  Anion Pulse-Crystals (Chrono Boost)  
  94  8:37  Probe x3  
  97  8:46  Photon Cannon  
  97  8:50  Protoss Shields Level 2 (Chrono Boost), Photon Cannon  
  97  8:59  Charge  
  97  9:01  Pylon  
  97  9:03  Protoss Air Armor Level 2 (Chrono Boost)  
  97  9:04  Pylon  
  97  9:05  Pylon  
  97  9:07  Pylon  
  97  9:08  Immortal  
  97  9:09  Pylon  
  101  9:10  Pylon  
  101  9:24  Carrier  
  101  9:29  Flux Vanes  
  107  9:37  Gateway  
  107  9:40  Gateway  
  107  9:44  Gateway  
  107  9:48  Forge  
  107  9:51  Immortal  
  111  9:57  Extended Thermal Lance  
  111  10:07  Robotics Facility  
  111  10:13  Pylon  
  111  10:17  Pylon  
  111  10:26  Stalker x2  
  87  10:57  Protoss Ground Weapons Level 2 (Chrono Boost)  
  83  11:07  Carrier x2  
  83  11:10  Warp Prism  
  95  11:20  Immortal  
  95  11:22  Zealot x5  
  109  11:34  Protoss Ground Armor Level 1 (Chrono Boost)  
  109  11:46  Immortal  
  113  11:58  Protoss Air Weapons Level 3 (Chrono Boost)  
  113  11:59  Protoss Air Armor Level 3 (Chrono Boost), Immortal  
  113  12:00  Nexus  
  117  12:02  Pylon  
  117  12:05  Pylon  
  117  12:07  Pylon  
  117  12:10  Pylon  
  117  12:11  Pylon  
  117  12:13  Assimilator  
  117  12:14  Stalker  
  117  12:15  Stalker x3  
  123  12:16  Stalker  
  132  12:25  Carrier, Immortal  
  137  12:39  Colossus  
  143  12:54  Blink  
  143  13:08  Immortal  
  143  13:10  Carrier  
  153  13:28  Probe  
  154  13:40  Photon Cannon  
  154  13:41  Probe  
  155  13:44  Photon Cannon  
  155  13:46  Photon Cannon  
  155  13:47  Shield Battery  
  155  13:51  Pylon  
  155  13:53  Assimilator, Stalker x3, Probe  
  155  13:55  Zealot x2  
  166  14:02  Dark Shrine  
  166  14:05  Probe  
  167  14:17  Probe  
  167  14:18  Gateway  
  167  14:19  Gateway  
  167  14:23  Gateway  
  166  14:35  Zealot x5  
Show
View Real Time Build Order
Export as new Build Order

Slasher Zerg 

Build Orders: Hatch First 

Get SALT Encoding   

  12  0:04  Drone  
  13  0:12  Drone  
  14  0:20  Drone, Extractor  
  15  0:33  Overlord  
  15  0:36  Extractor  
  15  0:38  Drone, Extractor  
  16  0:52  Drone x2  
  18  0:58  Drone  
  19  1:16  Hatchery, Drone  
  19  1:18  Extractor  
  18  1:27  Drone  
  19  1:35  Spawning Pool  
  19  1:36  Drone  
  19  1:42  Drone  
  20  1:54  Overlord  
  20  2:09  Drone  
  21  2:17  Drone  
  21  2:22  Queen  
  24  2:24  Zergling x2  
  24  2:27  Metabolic Boost  
  24  2:29  Zergling x2  
  26  2:33  Queen  
  28  2:40  Drone x2  
  30  2:49  Drone  
  30  2:50  Drone  
  32  2:57  Drone  
  33  2:58  Extractor  
  33  3:05  Lair  
  32  3:07  Drone x2  
  32  3:08  Queen  
  36  3:15  Extractor  
  36  3:16  Drone  
  36  3:18  Extractor  
  35  3:23  Drone  
  35  3:25  Overlord  
  36  3:29  Overlord  
  35  3:42  Drone  
  35  3:44  Drone x2  
  38  3:55  Drone x4  
  42  4:08  Hatchery  
  41  4:11  Drone x2  
  41  4:13  Spire  
  42  4:19  Spine Crawler  
  42  4:21  Zergling x4  
  42  4:22  Zergling x4  
  45  4:36  Drone x5  
  50  4:53  Drone x2  
  50  4:55  Overlord  
  50  4:57  Overlord  
  52  5:08  Overlord  
  52  5:13  Queen  
  54  5:28  Drone x2  
  56  5:30  Mutalisk x3  
  56  5:31  Mutalisk x3  
  68  5:40  Mutalisk x3  
  74  5:44  Drone x3  
  74  5:45  Drone  
  78  5:59  Zerg Flyer Weapons Level 1  
  78  6:05  Spore Crawler  
  78  6:06  Drone x5  
  78  6:07  Spine Crawler, Drone  
  82  6:21  Baneling Nest  
  81  6:28  Drone  
  81  6:30  Extractor  
  81  6:31  Extractor  
  70  6:56  Drone x12  
  70  6:58  Overlord x5  
  82  7:08  Infestation Pit  
  82  7:09  Evolution Chamber  
  82  7:11  Centrifugal Hooks  
  82  7:12  Zergling x2  
  82  7:13  Zergling x2  
  82  7:14  Evolution Chamber  
  81  7:16  Drone x2  
  81  7:17  Drone x2  
  81  7:18  Hatchery  
  84  7:27  Drone  
  84  7:28  Drone x2  
  87  7:55  Zergling x20  
  97  8:00  Zerg Ground Armor Level 1  
  97  8:02  Drone x3  
  100  8:07  Baneling x4  
  100  8:14  Overseer  
  100  8:20  Roach Warren  
  100  8:24  Zerg Missile Weapons Level 1  
  99  8:28  Baneling, Evolution Chamber  
  99  8:29  Baneling x11  
  98  8:52  Hatchery  
  87  9:09  Drone x19  
  102  9:27  Roach x11  
  124  9:40  Roach x2  
  124  9:43  Overlord x7  
  128  9:48  Hive  
  128  9:50  Glial Reconstitution  
  128  9:54  Overseer x3  
  128  10:03  Roach  
  128  10:04  Roach x9  
  148  10:11  Hydralisk Den  
  147  10:16  Ravager x4  
  149  10:22  Roach x8  
  135  10:44  Roach x10  
  125  11:04  Roach x8  
  125  11:05  Roach  
  125  11:09  Zerg Missile Weapons Level 2  
  125  11:10  Zerg Ground Armor Level 2  
  139  11:13  Muscular Augments  
  137  11:25  Zerg Melee Weapons Level 1  
  137  11:26  Viper x4  
  149  11:43  Hatchery, Hydralisk x13  
  174  11:47  Spine Crawler  
  174  11:49  Spine Crawler, Spore Crawler  
  174  11:51  Extractor  
  174  11:53  Spine Crawler  
  169  11:54  Extractor  
  169  11:56  Spore Crawler  
  167  12:06  Spore Crawler  
  166  12:09  Lurker Den  
  166  12:13  Zergling x30  
  166  12:14  Zergling x2  
  181  12:17  Grooved Spines  
  181  12:24  Nydus Network  
  180  12:45  Overlord x4  
  167  13:10  Hydralisk x17  
  198  13:23  Seismic Spines  
  198  13:35  Overseer  
  198  13:40  Zergling x4  
  200  14:07  Overseer x3  
  200  14:16  Nydus Canal  
  200  14:20  Hatchery  
  199  14:39  Lurker  
  198  14:51  Baneling x2  
  198  14:57  Spine Crawler  
  197  15:00  Spine Crawler  
Show
View Real Time Build Order
Export as new Build Order

Ekelpack Zerg 

Build Orders: Hatch First 

Get SALT Encoding   

  12  0:00  Drone  
  13  0:09  Drone  
  14  0:19  Overlord  
  14  0:24  Extractor  
  14  0:25  Drone  
  14  0:51  Drone  
  14  0:56  Hatchery  
  15  0:57  Drone  
  15  0:59  Drone  
  16  1:19  Spawning Pool  
  16  1:22  Drone  
  16  1:27  Drone  
  16  1:30  Drone  
  18  1:36  Drone  
  19  1:45  Drone  
  20  2:05  Drone  
  20  2:07  Queen  
  23  2:10  Drone  
  23  2:12  Queen  
  26  2:22  Overlord  
  26  2:26  Drone  
  27  2:35  Drone  
  28  2:45  Lair, Extractor  
  28  2:48  Queen  
  29  2:53  Extractor  
  29  2:55  Drone x3  
  31  2:59  Drone x2  
  31  3:01  Metabolic Boost  
  33  3:09  Drone  
  33  3:12  Drone  
  35  3:15  Drone  
  36  3:24  Overlord  
  36  3:31  Extractor  
  35  3:46  Drone x3, Spire  
  35  3:48  Overlord x2  
  37  3:51  Drone x2  
  39  4:05  Zergling x2  
  39  4:06  Zergling x4  
  42  4:10  Drone  
  43  4:27  Zergling x4  
  45  4:32  Drone  
  45  4:33  Drone  
  47  4:46  Overlord x2  
  47  4:53  Zergling x6  
  50  5:00  Mutalisk  
  50  5:05  Mutalisk x3  
  50  5:06  Mutalisk x2  
  62  5:08  Hatchery  
  62  5:11  Zerg Flyer Weapons Level 1  
  61  5:22  Hydralisk Den  
  60  5:37  Evolution Chamber  
  60  5:40  Evolution Chamber  
  58  5:51  Overlord  
  58  5:52  Zergling x12  
  58  5:53  Zergling x8  
  68  6:07  Pneumatized Carapace  
  68  6:19  Hydralisk x2  
  68  6:21  Overlord  
  68  6:22  Zerg Ground Armor Level 1, Zerg Missile Weapons Level 1  
  68  6:23  Grooved Spines  
  73  6:25  Drone x2  
  73  6:27  Overlord x2  
  74  6:39  Overlord  
  74  6:52  Hydralisk x5  
  84  6:54  Drone x3  
  87  7:13  Zerg Flyer Armor Level 1, Muscular Augments  
  87  7:15  Hydralisk x2  
  87  7:16  Hydralisk  
  87  7:17  Drone x4  
  87  7:18  Drone x3  
  98  7:32  Hydralisk x2  
  98  7:33  Hydralisk x2  
  98  7:35  Overlord  
  94  7:59  Queen  
  94  8:05  Drone x3  
  98  8:07  Extractor  
  98  8:09  Overlord x2  
  98  8:10  Extractor  
  97  8:14  Infestation Pit  
  97  8:19  Drone  
  97  8:20  Drone  
  98  8:28  Hydralisk x2  
  98  8:29  Hydralisk x6  
  94  9:09  Hydralisk x5  
  100  9:10  Hydralisk x5  
  99  9:52  Hive  
  99  9:56  Spore Crawler  
  99  9:58  Spore Crawler  
  99  9:59  Drone x3  
  100  10:01  Drone x2  
  100  10:02  Drone  
  100  10:03  Spore Crawler  
  100  10:06  Hydralisk x5  
  100  10:07  Hydralisk  
  114  10:23  Drone x2  
  116  10:35  Hydralisk x3  
  82  10:56  Hydralisk x2  
  82  10:57  Hydralisk x6  
  74  11:26  Hydralisk x5  
  74  11:27  Hydralisk x2  
  74  11:31  Queen  
  74  11:32  Queen  
  92  11:34  Zerg Missile Weapons Level 2  
  92  12:12  Zerg Ground Armor Level 2  
  92  12:14  Zergling x8  
  92  12:15  Adrenal Glands  
  96  12:33  Hydralisk  
  96  12:34  Hydralisk x6  
  96  12:35  Hydralisk  
  112  13:06  Hydralisk  
  112  13:07  Hydralisk x3  
  112  13:08  Overlord, Hydralisk x5  
  130  13:21  Overlord  
  129  13:58  Hatchery  
  125  14:10  Hydralisk x3  
  125  14:11  Hydralisk x4  
  137  14:44  Hydralisk x3  
  130  14:51  Zergling x6  
  128  14:53  Zergling x4  
  128  14:54  Zergling x2  
  128  14:58  Zergling x2  
Show
View Real Time Build Order
Export as new Build Order

Nyck Terran 

Build Orders: 2 Factory 

Get SALT Encoding   

  12  0:00  SCV  
  13  0:12  SCV  
  14  0:18  Supply Depot  
  14  0:24  SCV  
  15  0:42  SCV  
  16  0:43  Barracks  
  16  0:46  Refinery  
  16  0:51  Refinery  
  16  0:55  SCV  
  17  1:12  SCV  
  18  1:31  SCV  
  18  1:34  Marine  
  18  1:36  Factory  
  19  1:43  SCV  
  20  1:55  SCV  
  21  2:06  Supply Depot  
  21  2:07  Orbital Command  
  21  2:24  Factory  
  21  2:25  Hellion, Barracks Reactor  
  23  2:34  SCV  
  24  2:46  SCV  
  25  2:58  SCV  
  26  3:03  Command Center  
  26  3:09  Factory Tech Lab  
  26  3:13  SCV  
  26  3:15  Hellion  
  26  3:16  Barracks Reactor  
  26  3:19  Hellion  
  31  3:25  Supply Depot  
  31  3:30  Infernal Pre-Igniter  
  31  3:46  SCV  
  32  3:57  Engineering Bay  
  32  3:59  SCV  
  33  4:11  SCV  
  34  4:20  Orbital Command  
  34  4:29  SCV  
  35  4:33  Hellion x2  
  35  4:34  Hellion  
  41  4:38  Armory  
  41  4:52  Orbital Command  
  41  4:56  Command Center  
  41  5:08  SCV  
  42  5:16  Orbital Command  
  42  5:21  Marine  
  43  5:37  SCV  
  44  5:43  SCV  
  44  5:49  SCV, Refinery  
  46  5:52  Refinery  
  46  5:55  SCV  
  47  5:58  Hellion  
  47  5:59  Hellion  
  47  6:00  Hellion  
  47  6:01  SCV  
  54  6:18  SCV x2, Marine  
  56  6:21  Hellion  
  52  6:54  SCV x2  
  52  6:56  Orbital Command  
  52  7:00  Thor  
  55  7:03  Cyclone  
  55  7:04  Cyclone  
  59  7:09  Hurricane Engines  
  59  7:14  Terran Vehicle And Ship Armor Level 1  
  59  7:16  Armory  
  59  7:27  SCV x2  
  61  7:39  SCV x2  
  61  7:40  Cyclone x2  
  67  7:45  Supply Depot  
  67  7:54  SCV x2  
  67  7:55  Orbital Command  
  69  8:05  Terran Vehicle Weapons Level 1  
  69  8:06  Thor  
  69  8:07  Supply Depot, SCV x2  
  69  8:09  Factory  
  77  8:29  SCV, Marine, Cyclone x2  
  77  8:31  Supply Depot  
  83  8:48  Drilling Claws  
  76  8:49  Thor  
  76  8:53  Supply Depot  
  76  8:55  Factory  
  77  9:14  Cyclone x2  
  77  9:16  Supply Depot  
  81  9:17  Factory Tech Lab  
  81  9:25  SCV x3  
  84  9:37  SCV x3  
  87  9:38  Thor  
  87  9:39  Supply Depot, Thor  
  87  9:44  Terran Vehicle And Ship Armor Level 2  
  99  9:48  Factory Tech Lab  
  99  10:01  Supply Depot  
  99  10:04  Terran Vehicle Weapons Level 2  
  99  10:07  Smart Servos  
  99  10:12  Thor  
  105  10:14  Cyclone x2  
  109  10:23  Supply Depot  
  63  11:06  SCV x3  
  63  11:09  Thor x3  
  84  11:15  Hellbat x2  
  88  11:26  Factory  
  88  11:32  Supply Depot  
  88  11:33  SCV x3  
  88  11:39  Hellbat x2  
  95  11:52  Thor x3  
  113  12:05  Factory  
  113  12:09  SCV x2  
  113  12:10  SCV  
  116  12:18  Refinery x2  
  116  12:19  Cyclone x2  
  116  12:21  SCV  
  116  12:22  SCV x2  
  123  12:32  Factory Tech Lab  
  123  12:33  SCV  
  123  12:34  Terran Vehicle Weapons Level 3, SCV x2  
  126  12:37  Command Center  
  126  12:46  SCV  
  119  13:12  SCV x2  
  121  13:13  SCV  
  122  13:22  Thor x2  
  122  13:24  SCV  
  139  13:27  Hellbat x2  
  139  13:28  Hellbat x2  
  139  13:31  SCV x2  
  145  13:36  SCV  
  146  13:43  SCV x2  
  148  13:49  SCV  
  148  13:55  SCV x2, Hellbat x4  
  159  14:05  Hellbat x2  
  163  14:14  Command Center  
  163  14:16  Hellbat x4  
Tags
 
Add a new tag
Caveats
  • Supply blocks, unpowered buildings, or Contaminate may cause inaccurate times.
  • Supply counts are checked every 10 seconds.